Map: Bastion of the Conclave

Players

JaCObO

  • Race: Terran Terran
  • League: Diamond
  • Spawn Location: 0:00

LitHorse

  • Race: Protoss Protoss
  • League: Gold
  • Spawn Location: 12:00

Dinglebock

  • Race: Terran Terran
  • Spawn Location: 12:00

Alpha

  • Race: Terran Terran
  • Spawn Location: 6:00

PAX

  • Race: Terran Terran
  • Spawn Location: 6:00

Ransom

  • Race: Terran Terran
  • League: Diamond
  • Spawn Location: 6:00

VOD

Have the link to the VOD?

Description

Time

  • Played on: Nov. 11, 2017, 10:02 p.m.
  • Length: 8:02
Show
View Real Time Build Order
Export as new Build Order

JaCObO Terran 

Build Orders: Cyclone Opening, Reaper Expand 

Get SALT Encoding   

  12  0:01  SCV  
  13  0:13  SCV  
  14  0:19  Supply Depot  
  14  0:26  SCV  
  15  0:35  Refinery  
  15  0:41  SCV  
  16  0:47  Barracks  
  16  0:53  SCV  
  17  1:05  SCV  
  18  1:17  SCV  
  19  1:34  Orbital Command  
  19  1:36  Reaper  
  20  1:49  Command Center  
  20  1:56  Factory  
  20  2:00  SCV  
  21  2:09  Supply Depot  
  21  2:14  Barracks Reactor  
  21  2:23  SCV  
  21  2:26  Refinery  
  22  2:35  SCV  
  23  2:50  Cyclone  
  26  2:57  SCV  
  27  2:58  Marine x2  
  29  3:12  SCV  
  30  3:15  Supply Depot, Orbital Command  
  30  3:16  Marine x2  
  32  3:21  Starport  
  32  3:34  Marine  
  32  3:35  Marine  
  32  3:36  Factory Tech Lab  
  32  3:40  Engineering Bay  
  34  3:51  Orbital Command  
  34  3:55  Marine x2  
  36  3:56  Siege Tank  
  36  3:59  SCV  
  36  4:02  Medivac  
  42  4:05  Supply Depot  
  42  4:11  SCV  
  43  4:28  SCV x2  
  44  4:32  Siege Tank  
  47  4:40  SCV x2  
  49  4:48  Barracks  
  49  4:52  SCV x2  
  51  4:53  Starport Reactor  
  51  4:57  Barracks Tech Lab  
  51  4:59  Barracks  
  51  5:04  SCV  
  55  5:07  Siege Tank  
  55  5:13  SCV  
  56  5:16  SCV  
  57  5:25  SCV  
  58  5:28  SCV  
  58  5:31  Marine  
  58  5:33  Stimpack  
  60  5:37  SCV  
  60  5:42  Starport Reactor, Marine  
  61  5:43  Barracks  
  61  5:44  Barracks  
  61  5:45  Command Center  
  62  6:13  Supply Depot  
  62  6:14  Supply Depot  
  62  6:17  Supply Depot  
  62  6:25  Supply Depot  
  62  6:27  Supply Depot  
  62  6:34  Marine x3  
  62  6:35  SCV x2, Marine x2, Siege Tank  
  62  6:39  Marine x2  
  68  6:49  Medivac x2  
  68  6:52  Marine x2  
  68  6:53  Marauder, Marine x2  
  75  6:59  Barracks Reactor  
  75  7:00  Barracks Reactor  
  75  7:02  Orbital Command  
  75  7:10  Marine x3  
  75  7:12  SCV x2  
  75  7:14  Marauder  
  82  7:19  Engineering Bay  
  82  7:22  Marine  
  83  7:24  SCV x2  
  83  7:28  Marine  
  86  7:30  Refinery x2  
  86  7:36  SCV  
  87  7:41  Marine x2  
  87  7:42  Marine x4  
  95  7:45  SCV x2  
  95  7:48  SCV  
  95  7:50  Supply Depot x2  
  98  7:51  Supply Depot  
Show
View Real Time Build Order
Export as new Build Order

LitHorse Protoss 

Build Orders: Dark Templar Rush 

Get SALT Encoding   

  12  0:01  Probe (Chrono Boost)  
  13  0:11  Probe (Chrono Boost)  
  14  0:20  Pylon  
  14  0:22  Probe (Chrono Boost)  
  15  0:38  Probe (Chrono Boost)  
  15  0:40  Gateway  
  16  0:47  Assimilator  
  17  0:50  Probe (Chrono Boost)  
  17  0:56  Assimilator  
  18  1:09  Probe (Chrono Boost)  
  18  1:24  Assimilator  
  18  1:33  Assimilator  
  18  1:34  Cybernetics Core  
  18  1:39  Probe (Chrono Boost)  
  19  1:43  Pylon  
  19  1:49  Probe (Chrono Boost)  
  19  1:51  Assimilator  
  20  2:00  Probe (Chrono Boost)  
  21  2:10  Warp Gate (Chrono Boost), Probe (Chrono Boost)  
  21  2:31  Gateway  
  21  2:33  Probe  
  22  2:44  Pylon  
  22  2:45  Probe  
  22  2:51  Twilight Council  
  23  3:00  Mothership Core (Chrono Boost)  
  25  3:17  Pylon  
  25  3:19  Robotics Facility  
  25  3:23  Gateway  
  25  3:41  Dark Shrine  
  25  3:58  Gateway  
  25  4:09  Charge (Chrono Boost)  
  25  4:13  Warp Prism (Chrono Boost)  
  27  4:54  Dark Templar x3  
  27  4:55  Dark Templar  
  35  5:23  Immortal (Chrono Boost)  
  35  5:27  Zealot x4  
  41  5:55  Dark Templar x2  
  45  5:57  Zealot  
  47  6:18  Pylon  
  47  6:21  Pylon  
  47  6:28  Observer (Chrono Boost)  
  47  6:29  Zealot  
  46  6:38  Dark Templar  
  46  6:47  Zealot x2  
  50  7:12  Immortal (Chrono Boost), Zealot x3  
  58  7:51  Nexus  
Show
View Real Time Build Order
Export as new Build Order

Dinglebock Terran 

Build Orders:  

Get SALT Encoding   

  12  0:01  SCV  
  13  0:13  SCV  
  14  0:20  Supply Depot  
  14  0:25  SCV  
  15  0:42  SCV  
  16  0:47  Barracks  
  16  0:54  SCV  
  16  0:55  Refinery  
  17  0:58  Refinery  
  17  1:08  SCV  
  18  1:22  SCV  
  19  1:34  Marine  
  19  1:37  Orbital Command  
  20  1:44  Factory  
  20  1:53  Marine  
  21  2:03  SCV  
  22  2:15  SCV  
  23  2:16  Supply Depot  
  23  2:27  Factory Tech Lab  
  23  2:30  Starport  
  23  2:37  SCV, Marine  
  25  2:46  Siege Tank  
  25  2:47  Supply Depot  
  28  2:55  Marine  
  29  3:19  Medivac, Siege Tank  
  34  3:20  Marine  
  35  3:33  SCV  
  36  3:40  Supply Depot  
  36  3:42  Marine  
  37  3:50  SCV  
  38  3:59  Marine  
  38  4:02  Medivac  
  41  4:11  SCV  
  41  4:15  Engineering Bay, Command Center  
  42  4:17  Marine  
  43  4:27  Siege Tank  
  46  4:32  Supply Depot  
  46  4:43  SCV  
  46  4:45  Starport Reactor  
  47  4:51  Barracks  
  47  4:57  Barracks Tech Lab  
  47  5:00  SCV  
  47  5:04  Siege Tank  
  51  5:12  SCV  
  52  5:20  Missile Turret  
  52  5:53  Marine  
  52  5:56  Medivac  
  52  5:57  Medivac, Siege Tank  
  57  6:00  Barracks Tech Lab  
  57  6:03  Engineering Bay, Barracks  
  56  6:11  Marine  
  53  6:25  Marine  
  38  6:29  Marine  
  31  6:43  Marine  
  31  6:47  Marine  
  33  7:01  Siege Tank  
  36  7:08  Marine x2  
  38  7:19  SCV  
  39  7:32  Command Center  
Show
View Real Time Build Order
Export as new Build Order

Alpha Terran 

Build Orders: Reaper Expand 

Get SALT Encoding   

  12  0:03  SCV  
  13  0:15  SCV  
  14  0:22  Supply Depot  
  14  0:27  SCV  
  15  0:44  SCV  
  15  0:46  Barracks  
  16  0:56  SCV  
  17  0:57  Refinery  
  17  1:08  SCV  
  18  1:20  SCV  
  19  1:33  Orbital Command  
  19  1:40  Reaper  
  20  1:57  Command Center  
  20  2:01  Supply Depot  
  20  2:04  SCV  
  21  2:16  SCV  
  22  2:28  SCV  
  24  2:30  Barracks Reactor  
  24  2:34  Barracks  
  23  2:38  Barracks  
  23  2:42  SCV  
  23  2:43  Factory  
  24  2:54  SCV  
  25  3:14  Orbital Command  
  25  3:16  Refinery  
  25  3:20  Marine x2  
  25  3:21  Supply Depot  
  25  3:22  SCV  
  28  3:36  Barracks Reactor, Barracks Tech Lab  
  28  3:39  Widow Mine  
  28  3:40  Marine  
  28  3:41  Marine  
  32  3:42  SCV  
  33  3:49  SCV  
  34  3:55  SCV  
  34  4:00  Starport  
  35  4:07  SCV  
  35  4:08  SCV  
  37  4:14  Refinery  
  37  4:27  SCV, Refinery  
  37  4:28  Factory Tech Lab  
  38  4:31  Stimpack  
  38  4:34  Marine x2  
  38  4:35  Marine x2  
  38  4:36  Marauder  
  44  4:42  Medivac  
  44  4:43  SCV  
  44  4:44  SCV  
  48  5:09  SCV x2  
  50  5:20  Barracks  
  50  5:22  Barracks  
  50  5:24  Barracks  
  31  5:47  Marine  
  31  5:48  Marauder, Marine x3  
  20  6:05  Marine  
  20  6:09  Marauder  
  22  6:17  Starport Reactor  
  22  6:24  Marine  
  22  6:25  Marine x6  
  26  6:30  Marine  
  29  7:01  Orbital Command  
  29  7:05  Marine  
  29  7:06  Marauder, Marine  
  31  7:27  Marauder  
  31  7:29  Marine x2  
Show
View Real Time Build Order
Export as new Build Order

PAX Terran 

Build Orders: Command Center First (CC) 

Get SALT Encoding   

  12  0:12  SCV  
  13  0:25  SCV  
  14  0:39  Supply Depot  
  14  0:41  SCV  
  15  1:01  SCV  
  16  1:16  SCV  
  17  1:28  SCV  
  17  1:32  Command Center  
  18  1:40  SCV  
  18  1:44  Barracks  
  19  1:50  Barracks  
  19  1:52  SCV  
  20  2:04  SCV  
  21  2:13  Barracks  
  21  2:16  SCV  
  22  2:25  Engineering Bay  
  22  2:29  SCV  
  22  2:32  Marine  
  22  2:34  Refinery x2  
  22  2:40  Marine  
  22  2:47  Orbital Command  
  22  2:49  Marine  
  23  2:53  Orbital Command  
  23  2:57  Marine  
  24  3:07  Marine  
  25  3:13  SCV  
  25  3:15  Marine  
  27  3:24  SCV  
  27  3:25  SCV  
  29  3:36  SCV  
  29  3:37  SCV  
  31  3:47  Engineering Bay  
  31  3:48  SCV  
  32  3:49  SCV  
  32  3:51  Engineering Bay  
  33  4:00  SCV  
  33  4:01  SCV  
  35  4:12  SCV  
  35  4:13  SCV  
  35  4:16  Supply Depot  
  37  4:18  Supply Depot  
  37  4:24  SCV  
  37  4:28  Barracks  
  38  4:34  Barracks Tech Lab  
  38  4:36  Terran Infantry Armor Level 1  
  38  4:38  SCV x2, Terran Infantry Weapons Level 1  
  40  4:44  Supply Depot  
  40  4:47  Supply Depot  
  40  4:50  SCV x2  
  42  4:54  Combat Shields  
  42  5:02  SCV x2  
  44  5:09  Factory  
  44  5:10  Supply Depot  
  44  5:14  SCV x2  
  46  5:26  SCV x2, Marine x3  
  46  5:27  Marine  
  50  5:36  Supply Depot  
  50  5:44  Marine x4  
  49  6:02  Marine x4  
  47  6:04  Missile Turret  
  47  6:06  Missile Turret  
  47  6:08  Orbital Command  
  46  6:19  Marine  
  46  6:20  Marine x3  
  50  6:37  Marine x2  
  50  6:38  Marine x2  
  50  6:47  Orbital Command  
  50  6:55  Marine x3  
  50  6:56  Marine  
  50  6:57  Barracks  
  50  6:58  Barracks  
  54  7:06  SCV  
  55  7:13  Armory, Marine x4  
  59  7:16  SCV  
  59  7:18  SCV  
  61  7:28  SCV  
  62  7:30  SCV, Supply Depot  
  62  7:33  Supply Depot  
  63  7:40  Missile Turret  
  63  7:41  SCV  
  63  7:42  SCV  
Show
View Real Time Build Order
Export as new Build Order

Ransom Terran 

Build Orders:  

Get SALT Encoding   

  12  0:01  SCV  
  13  0:13  SCV  
  14  0:19  Supply Depot  
  14  0:25  SCV  
  15  0:40  SCV  
  15  0:42  Barracks  
  16  0:45  Refinery  
  16  0:52  SCV  
  17  1:07  Barracks  
  17  1:10  SCV  
  18  1:22  SCV  
  19  1:35  Orbital Command  
  19  1:36  Barracks Reactor  
  19  1:58  Command Center  
  19  2:01  Marine  
  19  2:05  SCV  
  21  2:13  Marine x2  
  23  2:23  Supply Depot  
  23  2:24  Barracks Tech Lab  
  23  2:44  Marine x2  
  23  2:45  SCV  
  26  2:53  Stimpack  
  26  2:57  SCV, Factory  
  27  3:01  Marine  
  28  3:12  Orbital Command  
  28  3:16  Marine  
  28  3:19  Marine  
  30  3:22  SCV  
  31  3:29  Refinery  
  31  3:35  SCV  
  31  3:39  Marine x3  
  35  3:41  SCV  
  35  3:47  SCV  
  37  3:51  Starport, Factory Reactor  
  37  3:59  Marine x2  
  37  4:00  Marine  
  40  4:04  SCV x2  
  40  4:08  Engineering Bay  
  42  4:10  Supply Depot  
  42  4:30  SCV x2  
  44  4:34  Marine x3  
  47  4:39  Medivac x2  
  47  4:43  Factory Reactor  
  51  4:46  Missile Turret  
  51  4:47  SCV x2  
  51  4:49  Missile Turret  
  53  5:01  Marine  
  53  5:02  Command Center  
  54  5:07  Terran Infantry Weapons Level 1  
  54  5:16  Supply Depot  
  54  5:24  Refinery  
  54  5:37  SCV x2, Marine x2  
  54  5:38  Widow Mine x2  
  54  5:41  Medivac  
  60  5:44  Marine  
  60  5:49  SCV x2  
  57  5:56  Marine x2  
  58  6:01  SCV  
  58  6:05  Marine  
  52  6:43  Marine x2  
  52  6:44  Widow Mine x2, Marine  
  52  6:45  Medivac x2  
  58  7:00  Orbital Command  
  58  7:06  Refinery  
  58  7:10  SCV x2  
  58  7:12  Barracks  
  60  7:17  Armory, Barracks  
  60  7:20  Barracks  
  60  7:22  SCV x2  
  61  7:28  Medivac  
  64  7:32  Widow Mine  
  64  7:34  SCV x2  
Tags
 
Add a new tag
Caveats
  • Supply blocks, unpowered buildings, or Contaminate may cause inaccurate times.
  • Supply counts are checked every 10 seconds.